 Dungeon Crawl Stone Soup version 0.30-a0-715-gdb4ae3ece1 (webtiles) character file.

Game seed: 8908371138368975660

79 wormed the Covered (level 4, 0/41 HPs)
             Began as a Gnoll Wanderer on Jan 25, 2023.
             Killed by nerve-wracking pain
             ... invoked by an orc priest
              (12 damage)
             ... on level 3 of the Dungeon.
             The game lasted 00:02:19 (1803 turns).

wormed the Covered (Gnoll Wanderer)                 Turns: 1803, Time: 00:02:19

Health: 0/41       AC:  7    Str: 13    XL:     4   Next: 37%
Magic:  5/5        EV:  9    Int: 12    God:
Gold:   175        SH:  7    Dex: 11    Spells: 5/5 levels left

rFire   . . .      SeeInvis .    h - +0 dagger (freeze)
rCold   . . .      Faith    .    e - +2 buckler
rNeg    . . .      Spirit   .    c - +0 scale mail
rPois   .          Reflect  .    (no helmet)
rElec   .          Harm     .    (no cloak)
rCorr   .          Rampage  .    (no gloves)
Will    +....                    (no boots) Stlth
                                 (no amulet)
HPRegen 0.26/turn                i - ring of willpower
MPRegen 0.09/turn                (no ring)

@: no status effects
A: fangs 1, strong nose, distributed training
a: no special abilities


You were on level 3 of the Dungeon.
You visited 1 branch of the dungeon, and saw 3 of its levels.

You collected 175 gold pieces.

Inventory:

Hand Weapons
 a - a +0 club
 f - a +0 dagger
 h - a +0 dagger of freezing (weapon)
Armour
 c - a +0 scale mail (worn)
 e - a +2 buckler (worn)
Jewellery
 i - a ring of willpower (left hand)
Scrolls
 b - a scroll of silence
 l - a scroll of poison {unknown}
 m - 2 scrolls of vulnerability {unknown}
 o - a scroll of identify {unknown}
 p - a scroll of summoning {unknown}
 s - a scroll of noise {unknown}
Potions
 d - 4 potions of curing
 g - a potion of magic {unknown}
 j - 2 potions of heal wounds {unknown}
 k - a potion of ambrosia {unknown}
 n - a potion of attraction {unknown}
 q - 3 potions of brilliance {unknown}
 r - a potion of lignification {unknown}


   Skills:
 + Level 6.6 Fighting
 + Level 1.2 Short Blades
 + Level 1.2 Long Blades
 + Level 1.2 Axes
 + Level 1.2 Maces & Flails
 + Level 1.2 Polearms
 + Level 1.2 Staves
 + Level 1.2 Ranged Weapons
 + Level 1.2 Throwing
 + Level 6.6 Armour
 + Level 2.8 Dodging
 + Level 1.2 Stealth
 + Level 4.6 Shields
 + Level 1.2 Unarmed Combat
 + Level 1.2 Spellcasting
 + Level 1.0 Conjurations
 + Level 1.0 Hexes
 + Level 1.0 Summonings
 + Level 1.0 Necromancy
 + Level 1.0 Translocations
 + Level 1.0 Transmutations
 + Level 1.0 Fire Magic
 + Level 1.0 Ice Magic
 + Level 1.0 Air Magic
 + Level 1.0 Earth Magic
 + Level 1.0 Poison Magic
 + Level 1.3 Invocations
 + Level 2.8 Evocations


You had 5 spell levels left.
You didn't know any spells.
Your spell library contained the following spells:

 Spells                   Type           Power      Damage    Failure   Level
 Scorch                   Fire           6%         2d5       83%         2
 Hailstorm                Conj/Ice       3%         3d3       97%         3
 Flame Wave               Conj/Fire      3%         2d5       100%        4
 Ice Form                 Ice/Tmut       3%         N/A       100%        4
 Conjure Ball Lightning   Conj/Air       1%         3x3d6     100%        6
 Simulacrum               Ice/Necr       1%         N/A       100%        6
 Summon Cactus Giant      Summ           1%         N/A       100%        6
 Discord                  Hex            1%         N/A       100%        8
 Disjunction              Tloc           1%         N/A       100%        8


Dungeon Overview and Level Annotations

Branches:
Dungeon (3/15)

Altars:
Gozag
Vehumet

Shops:
D:2 ***


Innate Abilities, Weirdness & Mutations

You have very sharp teeth.
Your uncanny sense of smell can sniff out nearby items.
Your experience applies equally to all skills.


Message History

The bat hits you but does no damage. The bat hits you but does no damage.
The bat hits you but does no damage.
You hit the bat. You freeze the bat.
The bat is severely wounded.
The bat barely misses you. You block the bat's attack.
The bat hits you but does no damage. The bat hits you.
You completely miss the bat. Your bite misses the bat.
The bat is severely wounded.
The bat closely misses you. You block the orc wizard's attack.
You hit the orc wizard. You freeze the orc wizard.
Your bite misses the orc wizard.
The orc wizard is heavily wounded.
You block the bat's attack.
The orc wizard hits you but does no damage.
The orc priest calls upon Beogh to heal the orc wizard.
The orc wizard is healed somewhat.
You hit the orc wizard. You freeze the orc wizard.
The orc wizard is moderately wounded.
The bat hits you. You block the orc wizard's attack.
You closely miss the orc priest. The bat hits you but does no damage.
The orc priest hits you with a +0 club.
The orc wizard hits you but does no damage.
You hit the orc priest but do no damage.
You block the bat's attack. The bat hits you but does no damage.
The orc priest hits you with a +0 club. The orc wizard barely misses you.
You barely miss the orc priest. The bat barely misses you.
The bat closely misses you. x2; The orc priest hits you with a +0 club.
The orc wizard hits you but does no damage.
You barely miss the orc priest. The bat closely misses you.
The orc priest mumbles some strange prayers to Beogh against you.
Pain shoots through your body!
* * * LOW HITPOINT WARNING * * *
The orc wizard gestures at you while chanting.
You resist with almost no effort.
You hit the orc priest but do no damage.
The bat hits you but does no damage.
The orc priest mumbles some strange prayers to Beogh against you.
Pain shoots through your body!
You die...

#.# #. #......# # #.#
#.###......# ###### #.#
#....#####.## ...... #.#
#...........# #### #.#
##<.#.#.#.#.# # #.#
#..........# ##########.###
#..#.#.#.#.# .......#.....#
#..b.......# ......o....#.#
#@o#.#.#.#.# ..#.#.#....#.#
#o.........#
..........##.###o.#.#.#.#.#
..#.#.#...................#
#.........######....#######
#.#.#.#..## ######
#........# ###.....^#
########


You could see an orc priest, an orc wizard, an orc and a bat.

Vanquished Creatures
  2 adders (D:2)
  3 worms (D:2)
  4 dart slugs
  An orc (D:3)
  4 ball pythons
  9 endoplasms
  2 giant cockroaches (D:1)
  4 goblins
  5 hobgoblins
  2 bats
  2 frilled lizards
  A kobold (D:2)
  2 rats
41 creatures vanquished.

Vanquished Creatures (others)
  A plant (D:3)
1 creature vanquished.

Grand Total: 42 creatures vanquished

Notes
Turn   | Place    | Note
-------+----------+-------------------------------------------
     0 | D:1      | wormed the Gnoll Wanderer began the quest for the Orb.
     0 | D:1      | wormed set off with the following items: a +0 club, a
                  | scroll of silence, a +0 scale mail, a potion of curing, a
                  | +2 buckler.
     0 | D:1      | Reached XP level 1. HP: 23/23 MP: 1/1
   143 | D:1      | Reached XP level 2. HP: 21/29 MP: 2/2
   668 | D:2      | Reached XP level 3. HP: 23/35 MP: 3/3
   855 | D:2      | Reached skill level 1 in Invocations
   881 | D:2      | Found Caantuo's General Store.
   949 | D:2      | Reached skill level 1 in Short Blades
   949 | D:2      | Reached skill level 1 in Long Blades
   949 | D:2      | Reached skill level 1 in Axes
   949 | D:2      | Reached skill level 1 in Maces & Flails
   949 | D:2      | Reached skill level 1 in Polearms
   949 | D:2      | Reached skill level 1 in Staves
   949 | D:2      | Reached skill level 1 in Ranged Weapons
   949 | D:2      | Reached skill level 1 in Throwing
   949 | D:2      | Reached skill level 1 in Stealth
   949 | D:2      | Reached skill level 1 in Unarmed Combat
   949 | D:2      | Reached skill level 1 in Spellcasting
  1168 | D:2      | Reached XP level 4. HP: 41/41 MP: 5/5
  1175 | D:2      | Found Feuphept's Assorted Antiques.
  1250 | D:2      | Found Putargh's General Store.
  1636 | D:3      | Found a radiant altar of Vehumet.
  1669 | D:3      | Found an opulent altar of Gozag.
  1750 | D:3      | Reached skill level 1 in Conjurations
  1750 | D:3      | Reached skill level 1 in Hexes
  1750 | D:3      | Reached skill level 1 in Summonings
  1750 | D:3      | Reached skill level 1 in Necromancy
  1750 | D:3      | Reached skill level 1 in Translocations
  1750 | D:3      | Reached skill level 1 in Transmutations
  1750 | D:3      | Reached skill level 1 in Fire Magic
  1750 | D:3      | Reached skill level 1 in Ice Magic
  1750 | D:3      | Reached skill level 1 in Air Magic
  1750 | D:3      | Reached skill level 1 in Earth Magic
  1750 | D:3      | Reached skill level 1 in Poison Magic
  1803 | D:3      | Killed from afar by an orc priest

Illustrated notes

Levels and vault maps discovered:
D:1:      dpeg_arrival_simpleton_c, layout_basic, chequers_serial_rivers_small_3
D:2:      layout_loops_cross, serial_shops, shop, shop, shop
D:3:      layout_loops_ring, nicolae_overflow_crystal_walls,
          mainiacjoe_overflow_chevrons, serial_glass, glass_columns_a,
          glass_columns_c, glass_columns_c, glass_columns_a, glass_columns_b

Skill      XL: |  1  2  3  4 |
---------------+-------------+-----
Invocations    | 1 |  1.3
Short Blades   | 1 |  1.2
Long Blades    | 1 |  1.2
Axes           | 1 |  1.2
Maces & Flails | 1 |  1.2
Polearms       | 1 |  1.2
Staves         | 1 |  1.2
Ranged Weapons | 1 |  1.2
Throwing       | 1 |  1.2
Stealth        | 1 |  1.2
Unarmed Combat | 1 |  1.2
Spellcasting   | 1 |  1.2
Conjurations   | 1 |  1.0
Hexes          | 1 |  1.0
Summonings     | 1 |  1.0
Necromancy     | 1 |  1.0
Translocations | 1 |  1.0
Transmutations | 1 |  1.0
Fire Magic     | 1 |  1.0
Ice Magic      | 1 |  1.0
Air Magic      | 1 |  1.0
Earth Magic    | 1 |  1.0
Poison Magic   | 1 |  1.0
Fighting       | |  6.6
Armour         | |  6.6
Dodging        | |  2.8
Shields        | |  4.6
Evocations     | |  2.8

Action                     |  1- 3 |  4- 6 || total
---------------------------+-------+-------++-------
  Melee: Club              |    35 |       ||    35
         Bite              |    16 |     9 ||    25
         Dagger            |   137 |    64 ||   201
    Use: Potion            |       |     1 ||     1
 Armour: Scale mail        |    44 |    63 ||   107
  Dodge: Dodged            |    60 |    39 ||    99
  Block: Buckler           |    37 |    28 ||    65

Table legend: (Time is in decaauts)
 A = Elapsed time spent in this place.
 B = Non-inter-level travel time spent in this place.
 C = Inter-level travel time spent in this place.
 D = Time resting spent in this place.
 E = Time spent auto-exploring this place.
 F = Levels seen in this place.
 G = Mean time per level.
                   A        B        C        D        E       F      G
               +--------+--------+--------+--------+--------+-----+--------+
         Total |   1815 |   1766 |     49 |      0 |   1322 |   3 |  605.0 |
       Dungeon |   1815 |   1766 |     49 |      0 |   1322 |   3 |  605.0 |
               +--------+--------+--------+--------+--------+-----+--------+

Top non-repeatable levels by time:
     D:2: 979 daAuts
     D:1: 662 daAuts
     D:3: 174 daAuts
